Unix NetHack Version 5.0.0-0 post-release - last build Jun 10 2026 00:39:30 (3ee93aec679c4c4259841fe613dc97188e26a321,branch:main).

Game began 2026-06-25 12:37:36, ended 2026-06-25 17:52:42.

ARFwashere, chaotic male human Barbarian

                                 ----
                                 |??----------
                                 |.....^..0..|
                                 |^-----.....|
                                --.|   |.....|
                                |.^----|.....|
                                |.^.^.<|.%...|
                                |---------.---
                                |..---@---..|
                                |..))@0.....|
                                |.00.----%..|
                                |....|  |...|
                                ------  -----

ARFwashere the Bandit      St:17 Dx:15 Co:18 In:13 Wi:12 Ch:10  Chaotic
Dlvl:9  $:36 HP:0(97) Pw:28(28) AC:-3 Xp:9 T:10855  Satiated Burdened

Latest messages:
 In what direction? l
 There is a partly eaten owlbear corpse here; eat it? [ynq] (n) y
 You resume your meal.
 You hear a distant zap.
 The bolt of cold hits you!
 Your bubbly potion freezes and shatters!
 You stop eating the owlbear corpse.
 What do you want to use or apply? [a-cegikmtCKMQY or ?*] i
 You put an uncursed black potion into the bag.
 You put an uncursed magenta potion into the bag.
 You put an uncursed smoky potion into the bag.
 You put a cursed white potion into the bag.
 You put an uncursed yellow potion into the bag.
 You put 2 uncursed potions of healing into the bag.
 You put a potion of healing into the bag.
 You put 2 potions of object detection into the bag.
 You put a potion of speed into the bag.
 You see here a partly eaten owlbear corpse.
 There is a partly eaten owlbear corpse here; eat it? [ynq] (n) y
 You resume your meal.
 You hear a nearby zap.
 The bolt of cold whizzes by you!
 You stop eating the owlbear corpse.
 The bolt of cold bounces!
 The bolt of cold hits you!
 A dart misses you.
 In what direction? l
 The dart hits it.
 You hear a distant zap.
 The bolt of cold hits you!
 You have a little trouble lifting p - a poisoned dart.
 You are hit by a dart.
 With great effort you move the boulder.
 You are carrying too much to get through.
 You hear a monster behind the boulder.
 Perhaps that's why you cannot move it.
 The Green-elf zaps a zinc wand!
 The bolt of cold hits you!
 The bolt of cold bounces!
 The Green-elf swings her elven broadsword.
 The Green-elf misses!
 You smite the Green-elf!
 The Green-elf swings her elven broadsword.
 The Green-elf hits!
 The Green-elf swings her elven broadsword.
 The Green-elf hits!
 You die...
 Do you want your possessions identified? [ynq] (y) y
 Do you want to see your attributes? [ynq] (y) y
 Do you want an account of creatures vanquished? [ynaq] (y) q

Inventory:
 Coins    ('$')
  $ - 36 gold pieces
 Amulets  ('"')
  r - an uncursed amulet of unchanging
 Weapons  (')')
  n - 10 blessed +1 darts
  z - 34 +0 darts (at the ready)
  p - a poisoned +0 dart
  a - a +2 battle-axe (weapon in hands)
 Armor    ('[')
  o - an uncursed +4 helm of brilliance (being worn)
  q - a blessed burnt +1 pair of high boots (being worn)
  E - an uncursed +0 elven cloak (being worn)
  F - an uncursed +0 elven mithril-coat (being worn)
 Comestibles  ('%')
  x - an uncursed slime mold
  d - 4 uncursed food rations
  w - a cursed food ration
  h - an uncursed fortune cookie
  A - 2 uncursed lembas wafers
  S - an uncursed pear
  B - 3 uncursed tripe rations
  I - 3 uncursed lizard corpses
  X - an uncursed lizard corpse
 Scrolls  ('?')
  J - a blessed scroll of amnesia
  T - an uncursed scroll of blank paper
  s - an uncursed scroll of confuse monster
  P - an uncursed scroll of create monster
  j - a blessed scroll of enchant armor
  l - an uncursed scroll of teleportation
 Rings    ('=')
  H - an uncursed ring of fire resistance
  L - an uncursed +2 ring of gain strength
  R - an uncursed ring of regeneration
 Wands    ('/')
  Q - a wand of create monster (0:15)
  c - a wand of light (0:14)
  Y - a wand of light (0:13)
  M - a wand of polymorph (0:4)
  K - a wand of probing (0:5)
  m - a wand of speed monster (0:6)
  g - a wand of stasis (0:2)
  C - a wand of striking (0:7)
 Tools    ('(')
  i - an uncursed sack containing 30 items
  b - a magic flute (0:6)
  t - an uncursed oil lamp
  e - a +0 pick-axe (alternate weapon; not wielded)
  k - an uncursed skeleton key

Contents of the sack:
  2261 gold pieces
  a blessed +0 shield of shock resistance
  an uncursed scroll of amnesia
  an uncursed scroll of create monster
  an uncursed scroll of enchant weapon
  2 cursed scrolls of enchant weapon
  an uncursed scroll of fire
  a blessed scroll of light
  an uncursed scroll of magic mapping
  an uncursed scroll of punishment
  an uncursed potion of acid
  an uncursed potion of blindness
  a cursed potion of booze
  an uncursed potion of enlightenment
  an uncursed potion of fruit juice
  a cursed potion of fruit juice
  an uncursed potion of gain energy
  2 uncursed potions of healing
  a cursed potion of healing
  an uncursed potion of invisibility
  a blessed potion of monster detection
  2 uncursed potions of object detection
  an uncursed potion of paralysis
  an uncursed potion of restore ability
  an uncursed potion of see invisible
  an uncursed potion of sickness
  an uncursed potion of speed
  a cursed ring of teleportation
  an uncursed oil lamp
  a +0 unicorn horn

ARFwashere the Barbarian's attributes:

Background:
 You were a Bandit, a level 9 male human Barbarian.
 You were chaotic, on a mission for Set
 who was opposed by Mitra (lawful) and Crom (neutral).
 You were right-handed.
 You were in Sokoban, on level 9.
 You entered the dungeon 10855 turns ago.
 You had 3693 experience points, 1427 more were needed to attain level 10.

Basics:
 You had 0 out of 97 hit points.
 You had all 28 energy points (spell power).
 Your armor class was -3.
 Your wallet contained 36 zorkmids, and
 you had 2261 more stashed away in your pack.
 Autopickup was on for '$' plus thrown.

Final Characteristics:
 Your strength was 17 (limit:18/100).
 Your dexterity was 15 (limit:18).
 Your constitution was 18 (limit:18).
 Your intelligence was 13 (base:9, limit:18).
 Your wisdom was 12 (base:8, limit:18).
 Your charisma was 10 (limit:18).

Final Status:
 You were satiated.
 You were burdened; movement was slightly slowed.
 You were wielding an axe.
 You had expert skill with axe.

Final Attributes:
 You were piously aligned.
 You were sleep resistant.
 You were poison resistant.
 You were telepathic.
 You were stealthy.
 You were guarded.
 You were fast.
 You are dead.

Miscellaneous:
 You encountered 1 bones level.
 Total elapsed playing time was 3 hours, 26 minutes and 39 seconds.

Major events:
 Turn
    1: ARFwashere the chaotic male human Barbarian entered the dungeon
 1423: attained the rank of Pillager (level 3)
 3425: attained the rank of Bandit (level 6)
 5463: entered the Gnomish Mines
 5766: reached Mine Town
 9704: consulted the Oracle
10581: entered Sokoban
10855: killed by a Green-elf

You didn't know any spells.

Skills:
 Fighting Skills
   bare handed combat [Basic]
   two weapon combat  [Unskilled]
   riding             [Unskilled]
 Weapon Skills
   dagger             [Unskilled]
   axe                [Expert]
   pick-axe           [Unskilled]
   short sword        [Basic]
   broadsword         [Unskilled]
   long sword         [Unskilled]
   two-handed sword   [Unskilled]
   saber              [Unskilled]
   club               [Unskilled]
   mace               [Unskilled]
   morning star       [Unskilled]
   flail              [Unskilled]
   hammer             [Unskilled]
   quarterstaff       [Unskilled]
   spear              [Unskilled]
   trident            [Unskilled]
   bow                [Unskilled]
 Spellcasting Skills
   attack spells      [Unskilled]
   escape spells      [Unskilled]

Voluntary challenges:
 Character rerolling was not enabled.
 You never genocided any monsters.
 You never polymorphed an object.
 You never changed form.
 You used no wishes.
 You did not violate any of the special Sokoban rules.
Achievements:
 You entered a shop.
 You attained the rank of Pillager.
 You attained the rank of Bandit.
 You entered the Gnomish Mines.
 You entered Minetown.
 You entered a temple.
 You consulted the Oracle of Delphi.
 You entered Sokoban.

 The Dungeons of Doom: levels 1 to 10
    Level 1:
       A fountain, some sinks.
    Level 2:
       A potion shop, some fountains.
       Stairs down to The Gnomish Mines.
    Level 3:
       A general store.
    Level 4:
       A grave.
       Final resting place for
          MegaEmailman-Rog-Hum-Mal-Cha, killed by a hobbit.
    Level 5:
       A fountain.
    Level 6:
       An altar to Set, some fountains.
    Level 7:
    Level 8:
       A fountain.
    Level 9:
       Many fountains.
       Oracle of Delphi.
    Level 10:
       Stairs up to Sokoban, level 9.
 The Gnomish Mines: levels 3 to 9
    Level 3:
    Level 4:
    Level 5:
       Many shops, a temple and an altar, some fountains, some trees.
    Level 6:
    Level 7:
    Level 8:
    Level 9:
 Sokoban:
    Level 9: <- You were here.
       Unsolved.
       Final resting place for
          you, killed by a Green-elf.


Vanquished creatures:
  a ghost
 an elven monarch
  a gelatinous cube
  a tiger
  a dwarf ruler
 an ettin zombie
  a panther
  2 leprechauns
  a mumak
  a scorpion
  a gnome ruler
  2 owlbears
  4 lizards
  a dingo
  a housecat
  a jaguar
  a blue jelly
  a white unicorn
  a gray unicorn
  2 dust vortices
  a gnome mummy
  a rope golem
  a Woodland-elf
  a soldier ant
  7 bugbears
  2 wood nymphs
  2 water nymphs
 13 Mordor orcs
  3 Uruk-hai
  2 rock piercers
  a rock mole
  5 ponies
  a fog cloud
  2 yellow lights
  3 violet fungi
 20 gnome leaders
  2 gnomish wizards
  a guardian naga hatchling
  2 gray oozes
 an elf zombie
  3 ghouls
  2 straw golems
  8 giant ants
  a little dog
  2 floating eyes
  a kitten
 18 dwarves
  a homunculus
  2 kobold leaders
  6 hill orcs
  6 rothes
  a centipede
  3 monkeys
  2 orc zombies
  a wererat
  3 iguanas
  a killer bee
  2 acid blobs
  6 coyotes
  a gas spore
  2 hobbits
  2 large kobolds
  9 hobgoblins
  2 giant rats
  8 cave spiders
  a brown mold
  a yellow mold
  2 red molds
 57 gnomes
  4 gnome zombies
  2 geckos
  2 jackals
  2 foxes
  4 kobolds
  6 goblins
  2 sewer rats
  8 grid bugs
  2 bats
  3 lichens
  a kobold zombie
  6 newts
293 creatures vanquished.

No species were genocided or became extinct.

Game over:
                       ----------
                      /          \
                     /    REST    \
                    /      IN      \
                   /     PEACE      \
                  /                  \
                  |    ARFwashere    |
                  |     2297 Au      |
                  |   killed by a    |
                  |    Green-elf     |
                  |                  |
                  |                  |
                  |       2026       |
                 *|     *  *  *      | *
        _________)/\\_//(\/(/\)/\//\/|_)_______

Goodbye ARFwashere the Barbarian...

You died in Sokoban on dungeon level 9 with 17330 points,
and 2297 pieces of gold, after 10855 moves.
You were level 9 with a maximum of 97 hit points when you died.

